 Dungeon Crawl Stone Soup version 0.14-a0-1097-gc7db7fc (webtiles) character file.

239 4tharraofdagon the Cutter (level 5, 1/32 HPs)
             Began as a Halfling Wanderer on Nov 27, 2013.
             Quit the game on Level 4 of the Dungeon.
             The game lasted 00:07:15 (1221 turns).

4tharraofdagon the Cutter (Halfling Wanderer)       Turns: 1221, Time: 00:07:15

HP   1/32        AC 11     Str  9      XL: 5   Next: 32%
MP  20/20        EV  4     Int 15      God:
Gold 113         SH 10     Dex 12 (14) Spells:  1 memorised,  9 levels left

rFire  . . .     SeeInvis .     k - +2,+0 short sword (venom)
rCold  . . .     Clarity  .     g - +2 dwarf chain mail
rNeg   . . .     Conserve .     p - +1 elf buckler
rPois  .         rCorr    .     (no helmet)
rElec  .         rRot     .     (no cloak)
SustAb . .       Spirit   .     (no gloves)
rMut   .         Warding  .     (no boots)
Saprov . . .     Stasis   .     (no amulet)
                                e - ring of flight
                                h - ring of magical power

@: mildly poisoned, slightly resistant to hostile enchantments, extremely
unstealthy
A: mutation resistance 1, slow metabolism 1
a: Evoke Flight


You were on level 4 of the Dungeon.
You were not hungry.

You visited 1 branch of the dungeon, and saw 4 of its levels.

You collected 113 gold pieces.

Inventory:

Hand weapons
 c - a +0,+0 dagger
 k - a +2,+0 short sword of venom (weapon)
Missiles
 t - 18 poisoned bolts
Armour
 b - a +0 robe
 g - a +2 dwarven chain mail (worn)
 p - a +1 elven buckler (worn)
 r - a +0 elven ring mail
Comestibles
 d - 4 bread rations
 i - 2 meat rations
 q - 2 chokos
Scrolls
 f - 3 scrolls of remove curse {unknown}
 j - a scroll of fear {unknown}
 l - 2 scrolls of recharging {unknown}
 m - 2 scrolls of fog
 n - a scroll of teleportation
 o - 5 scrolls of identify {unknown}
 s - a scroll of curse jewellery {unknown}
 u - a scroll of blinking {unknown}
Jewellery
 e - a ring of flight (right hand)
 h - a ring of magical power (left hand)
Books
 a - a book of Conjurations

   Spells                             Type                      Level
   Magic Dart                         Conjuration                  1
   Searing Ray                        Conjuration                  2
   Dazzling Spray                     Conjuration/Hexes            3
   Iskenderun's Mystic Blast          Conjuration                  4
   Iskenderun's Battlesphere          Conjuration/Charms           4
   Fulminant Prism                    Conjuration/Hexes            5


   Skills:
 + Level 1.5 Fighting
 * Level 3.8 Short Blades
 - Level 1.3 Throwing
 + Level 1.2 Armour
 - Level 1.3 Dodging
 + Level 0.9 Shields
 - Level 3.3 Spellcasting
   Level 1.5 Conjurations
   Level 1.0 Hexes
   Level 1.1 Charms
   Level 1.0 Invocations


You had 9 spell levels left.
You knew the following spells:

 Your Spells              Type           Power        Failure   Level  Hunger
a - Beastly Appendage     Trmt           #.....       100%        1    #......


Dungeon Overview and Level Annotations

Branches:
Dungeon (4/16)
 Temple: D:4-7

Altars:


Innate Abilities, Weirdness & Mutations

You are small and have problems with some larger weapons.
You are somewhat resistant to further mutation.
You have a slow metabolism.


Message History

The adder poisons you! The adder bites you.
* * * LOW HITPOINT WARNING * * *
You are more poisoned.
The adder poisons you!
You hit the adder.
The adder looks even sicker.
The adder is heavily wounded.
* * * LOW HITPOINT WARNING * * *
You feel sick. The adder barely misses you.
Unknown command.
Unknown command.
You kill the adder!
You see here a worker ant corpse.
Unknown command.
* * * LOW HITPOINT WARNING * * *
You feel sick.
* * * LOW HITPOINT WARNING * * *
You feel sick.
* * * LOW HITPOINT WARNING * * *
You feel sick.
Are you sure you want to abandon this character and quit the game? (Confirm with "yes".)

.# .# ###.# .
#.#.##### ....
#.......# .....
#.......# ....
#.......#
....<####@......#
................#
#.#>#####.......#
..###.#$#####l......#
............%.......#
..###.#.#####.......#
#. ####.......# #.
#............ ..
#......#####


You could see a giant newt.

Vanquished Creatures
  A worker ant (D:4)
  4 adders
  2 worms (D:3)
  3 giant geckos
  2 orcs (D:3)
  2 giant cockroaches
  5 hobgoblins
  4 jackals (D:2)
  A quokka (D:2)
  A ball python (D:3)
  6 bats
  2 giant newts (D:1)
  5 goblins
  4 kobolds
  8 rats
50 creatures vanquished.

Vanquished Creatures (others)
  A giant newt (D:3)
1 creature vanquished.

Grand Total: 51 creatures vanquished

Notes
Turn   | Place    | Note
--------------------------------------------------------------
     0 | D:1      | 4tharraofdagon, the Halfling Wanderer, began the quest for the Orb.
     0 | D:1      | Reached XP level 1. HP: 12/12 MP: 3/3
   268 | D:1      | Reached skill level 1 in Short Blades
   268 | D:1      | Reached XP level 2. HP: 10/18 MP: 5/5
   463 | D:2      | Reached XP level 3. HP: 8/22 MP: 7/7
   476 | D:2      | Reached skill level 1 in Fighting
   707 | D:3      | Reached skill level 1 in Armour
   707 | D:3      | Reached skill level 1 in Dodging
   707 | D:3      | Reached XP level 4. HP: 18/27 MP: 9/9
  1187 | D:4      | Reached XP level 5. HP: 11/32 MP: 11/11
  1220 | D:4      | HP: 1/32 [poisoned by an adder]
  1221 | D:4      | Quit the game

Action                   |  1- 3 |  4- 6 || total
-------------------------+-------+-------++-------
Melee: Dagger            |    37 |       ||    37
       Short sword       |    90 |    80 ||   170
 Cast: Beastly Appendage |     1 |       ||     1
  Use: Potion            |     3 |     4 ||     7
       Scroll            |     1 |       ||     1
